 Dungeon Crawl Stone Soup version 0.25-a0-447-gff83419037 (webtiles) character file.

Game seed: 18082880811033108236, levelgen mode: deterministic

7966 Nattfarinn the Fighter (level 11, -12/104 HPs)
             Began as a Minotaur Berserker on Jan 31, 2020.
             Was an Elder of Trog.
             Mangled by a two-headed ogre
             ... wielding a +0 great mace
              (18 damage)
             ... on level 11 of the Dungeon.
             The game lasted 00:14:56 (8085 turns).

Nattfarinn the Fighter (Minotaur Berserker)         Turns: 8085, Time: 00:14:57

Health: -12/104    AC: 12    Str: 28    XL:     11   Next: 3%
Magic:  10/10      EV: 15    Int:  4    God:    Trog [****..]
Gold:   563        SH:  0    Dex: 11    Spells: 10/10 levels left

rFire    . . .     SeeInvis .   s - +3 flail (protect)
rCold    . . .     Gourm    .   (no shield)
rNeg     . . .     Faith    .   K - +2 leather armour "Ucigoas" {+Inv Str+4 Stlth+}
rPois    .         Spirit   .   b - +1 hat
rElec    .         Reflect  .   P - +0 cloak
rCorr    .         Harm     .   F - +2 pair of gloves
MR       .....                  (no boots)
Stlth    ++........             (no amulet)
HPRegen  0.27/turn              A - ring of wizardry
MPRegen  0.12/turn              (no ring)

@: no status effects
A: retaliatory headbutt, horns 2
a: Berserk, Trog's Hand, Brothers in Arms, Renounce Religion, Evoke Invisibility


You were on level 11 of the Dungeon.
You worshipped Trog.
Trog was greatly pleased with you.
You were not hungry.

You visited 1 branch of the dungeon, and saw 11 of its levels.

You collected 563 gold pieces.

Inventory:

Hand Weapons
 a - a +0 falchion
 l - a +1 mace of holy wrath
 s - a +3 flail of protection (weapon)
 J - a +0 long sword
Armour
 b - a +1 hat (worn)
 q - a +0 chain mail
 F - a +2 pair of gloves (worn)
 K - the +2 leather armour "Ucigoas" (worn) {+Inv Str+4 Stlth+}
   (You found it on level 10 of the Dungeon)

   It affects your strength (+4).
   It lets you turn invisible.
   It makes you more stealthy.
   If you remove this armour, your AC will fall 6 points (12 -> 6)
 P - a +0 cloak (worn)
Jewellery
 A - a ring of wizardry (left hand)
 H - a +1 ring of slaying {unknown}
Wands
 m - a wand of polymorph (16)
 w - a wand of paralysis (4)
 y - a wand of enslavement (22)
 D - a wand of random effects (15)
 G - a wand of digging (5)
 Q - a wand of iceblast (9)
Scrolls
 e - 3 scrolls of immolation
 g - a scroll of fear
 h - 10 scrolls of remove curse
 i - 5 scrolls of blinking {unknown}
 j - 4 scrolls of identify
 k - 4 scrolls of amnesia
 n - 4 scrolls of magic mapping {unknown}
 o - 8 scrolls of teleportation
 r - 2 scrolls of noise {unknown}
 x - a scroll of brand weapon {unknown}
 B - a scroll of holy word {unknown}
 E - 3 scrolls of enchant weapon {unknown}
 I - a scroll of random uselessness {unknown}
 N - a scroll of acquirement {unknown}
 O - a scroll of fog {unknown}
Potions
 d - 2 potions of agility {unknown}
 f - 5 potions of heal wounds
 p - a potion of invisibility {unknown}
 t - 2 potions of cancellation {unknown}
 u - 2 potions of curing {unknown}
 v - 2 potions of resistance {unknown}
 z - 4 potions of haste {unknown}
 C - a potion of lignification {unknown}
 L - a potion of flight {unknown}
 M - a potion of berserk rage {unknown}
Comestibles
 c - 22 rations


   Skills:
 * Level 12.1 Fighting
 + Level 9.2 Long Blades
 * Level 11.8 Armour
 + Level 7.8 Dodging


You had 10 spell levels left.
You didn't know any spells.
Your spell library was empty.

Dungeon Overview and Level Annotations

Branches:
Dungeon (11/15)            Temple (0/1) D:6            Lair (0/6) D:10
    Orc: D:9-12

Altars:
Dithmenos
Ru

Shops:
D:8 *   D:9 ===


Innate Abilities, Weirdness & Mutations

You reflexively headbutt those who attack you in melee.
You have a pair of horns on your head.


Message History

The two-headed ogre is almost dead.
The two-headed ogre hits you with a +0 great mace.
The two-headed ogre hits you with a +0 giant club.
You barely miss the two-headed ogre.
The two-headed ogre is almost dead.
The two-headed ogre barely misses you. x2
The two-headed ogre hits you with a +0 great mace.
The two-headed ogre closely misses you.
You barely miss the two-headed ogre.
The two-headed ogre is almost dead.
The two-headed ogre hits you with a +0 great mace!
* * * LOW HITPOINT WARNING * * *
The two-headed ogre barely misses you.
You closely miss the two-headed ogre.
Your headbutt misses the two-headed ogre.
The two-headed ogre is almost dead.
The two-headed ogre hits you with a +0 great mace!!
* * * LOW HITPOINT WARNING * * *
The two-headed ogre hits you with a +0 giant club!!
You die...

.# ####.# .# ..>..#
#.# #.#..# #.#
#.#..# ..#
#######.#..# (.#
o.....#.#..# ..# #
#..........# #.# .#
#O..# ..###..##+##
#@..# .......#...#
#...# .####..#...#
#...# ## .#...#
#...# .#
#####...#####...# .#
#...........#..<#
.###...........'..##
..##...........##.#
#'###+#.#+###'###.#


You could see a two-headed ogre.

Vanquished Creatures
  Gastronok (D:8)
  A hydra (D:9)
  Pikel (D:8)
  Joseph (D:8)
  Maurice (D:8)
  Grinder (D:6)
  2 dream sheep (D:9)
  2 yaks (D:9)
  A hungry ghost (D:9)
  Menkaure (D:6)
  2 water moccasins
  2 ice beasts
  A black bear (D:9)
  2 centaurs
  2 ogres
  Blork the orc (D:4)
  5 big kobolds
  A bullfrog (D:6)
  2 scorpions
  A wyvern skeleton (D:6)
  3 killer bees (D:10)
  3 howler monkeys
  A crimson imp (D:5)
  2 quasits (D:10)
  A bullfrog zombie (D:10)
  6 hounds
  A jelly (D:8)
  12 orc priests
  2 centaur skeletons
  An iguana (D:11)
  Terence (D:3)
  5 orc wizards
  7 worker ants
  A hound zombie (D:7)
  2 hound skeletons
  2 worker ant zombies
  8 adders
  2 shadow imps
  3 oozes
  2 adder zombies (D:8)
  3 worms (D:4)
  A dart slug (D:1)
  7 leopard geckos
  31 orcs
  A ball python (D:4)
  5 bats
  6 giant cockroaches
  4 goblins
  11 hobgoblins
  7 kobolds
  2 quokkas
  3 frilled lizards
  A giant cockroach zombie (D:6)
  7 rats
185 creatures vanquished.

Vanquished Creatures (others)
  Prince Ribbit (D:8)
1 creature vanquished.

Grand Total: 186 creatures vanquished

Notes
Turn   | Place    | Note
-------+----------+-------------------------------------------
     0 | D:1      | Nattfarinn the Minotaur Berserker began the quest for the
                  | Orb.
     0 | D:1      | Reached XP level 1. HP: 19/19 MP: 0/0
   222 | D:1      | Reached XP level 2. HP: 22/27 MP: 1/1
   400 | D:1      | Reached skill level 4 in Fighting
   811 | D:2      | Reached XP level 3. HP: 24/33 MP: 2/2
  1163 | D:2      | You fall into a shaft and drop 2 floors!
  1163 | D:4      | Noticed Blork the orc
  1164 | D:4      | Reached XP level 4. HP: 37/41 MP: 3/3
  1174 | D:4      | Killed Blork the orc
  1174 | D:4      | Reached ** piety under Trog
  1174 | D:4      | Reached skill level 5 in Fighting
  1174 | D:4      | Reached XP level 5. HP: 48/48 MP: 4/4
  1317 | D:4      | Reached XP level 6. HP: 56/56 MP: 5/5
  1584 | D:4      | Reached skill level 5 in Armour
  1879 | D:4      | Found a sacrificial altar of Ru.
  2071 | D:3      | Reached skill level 6 in Fighting
  2349 | D:3      | Noticed Terence
  2359 | D:3      | Killed Terence
  2360 | D:3      | Reached skill level 5 in Long Blades
  2361 | D:3      | Reached XP level 7. HP: 51/63 MP: 6/6
  2966 | D:5      | Entered Level 5 of the Dungeon
  3666 | D:6      | Reached skill level 7 in Fighting
  3776 | D:6      | Reached *** piety under Trog
  3882 | D:6      | Reached XP level 8. HP: 57/73 MP: 7/7
  3955 | D:6      | Noticed Menkaure
  3965 | D:6      | Killed Menkaure
  4148 | D:6      | Found a staircase to the Ecumenical Temple.
  4578 | D:6      | Reached skill level 8 in Fighting
  4578 | D:6      | Reached skill level 5 in Dodging
  4585 | D:6      | Noticed Grinder
  4594 | D:6      | Killed Grinder
  5108 | D:7      | Found a shadowy altar of Dithmenos.
  5487 | D:8      | Found Quere's Assorted Antiques.
  5554 | D:8      | Noticed Pikel
  5564 | D:8      | Killed Pikel
  5564 | D:8      | Reached skill level 9 in Fighting
  5564 | D:8      | Reached XP level 9. HP: 72/83 MP: 8/8
  5765 | D:8      | Noticed Joseph
  5808 | D:8      | Killed Joseph
  6117 | D:8      | Noticed Maurice
  6138 | D:8      | Killed Maurice
  6138 | D:8      | Reached skill level 10 in Fighting
  6239 | D:8      | Noticed Prince Ribbit
  6255 | D:8      | Killed Prince Ribbit
  6337 | D:8      | Noticed Gastronok
  6352 | D:8      | Killed Gastronok
  6352 | D:8      | Reached skill level 11 in Fighting
  6352 | D:8      | Reached skill level 10 in Armour
  6352 | D:8      | Reached XP level 10. HP: 95/95 MP: 9/9
  6733 | D:9      | Found Oxuelaokh's Jewellery Shoppe.
  6741 | D:9      | Found Nynou's Jewellery Shop.
  7148 | D:9      | Found Xatoozxy's Jewellery Shoppe.
  7245 | D:9      | Noticed a three-headed hydra
  7255 | D:9      | Killed a three-headed hydra
  7434 | D:10     | Entered Level 10 of the Dungeon
  7483 | D:10     | Reached skill level 12 in Fighting
  7509 | D:10     | Reached XP level 11. HP: 70/104 MP: 10/10
  7516 | D:10     | Reached **** piety under Trog
  7884 | D:10     | Got a distressingly furry leather armour
  7895 | D:10     | Identified the +2 leather armour "Ucigoas" {+Inv Str+4
                  | Stlth+} (You found it on level 10 of the Dungeon)
  7964 | D:10     | Found a staircase to the Lair.
  8070 | D:11     | Noticed a two-headed ogre
  8085 | D:11     | Mangled by a two-headed ogre

Levels and vault maps discovered:
D:1:      minmay_arrival_four_circles, layout_basic, bh_walls_and_bars
D:2:      layout_basic
D:3:      layout_rooms, uniq_terence
D:4:      layout_rooms, first_ration, nicolae_ru_the_path_less_chosen,
          uniq_blork_the_orc
D:5:      layout_gridville
D:6:      layout_rooms, temple_hall_moat, uniq_grinder, uniq_menkaure
D:7:      layout_loops_ring, nicolae_dithmenos_the_darkroom
D:8:      layout_loops_corners, serial_shops,
          nicolae_shop_temple_entry_statues_fountains, uniq_maurice,
          uniq_joseph, uniq_pikel, uniq_gastronok, uniq_prince_ribbit1
D:9:      layout_roguey, serial_shops, shop, shop, shop, hangedman_ranch
          [blue_anna_fruit_fields]
D:10:     layout_rooms, lair_entry_dummy
D:11:     layout_loops_ring, orc_david_3, palyth_stone_intersect,
          hangedman_abyss_or_decor_clamps

Skill      XL: |  1  2  3  4  5  6  7  8  9 10 |
---------------+-------------------------------+-----
Armour         | 3 4 5 6 9 10 11 | 11.8
Fighting       | 4 5 6 7 9 11 12 | 12.1
Long Blades    | 4 5 7 8 9 |  9.2
Dodging        | 3 4 5 7 |  7.8

Action                   |  1- 3 |  4- 6 |  7- 9 | 10-12 || total
-------------------------+-------+-------+-------+-------++-------
Melee: Falchion          |    66 |    14 |   238 |    34 ||   352
       Headbutt          |     8 |    14 |    66 |    32 ||   120
       Mace              |     1 |    65 |       |       ||    66
       Flail             |       |       |       |    94 ||    94
       Long sword        |       |       |       |    30 ||    30
Invok: Berserk           |     1 |     3 |     6 |     5 ||    15
       Trog's Hand       |       |     2 |     6 |     2 ||    10
  Use: Scroll            |       |     3 |     6 |       ||     9
       Potion            |       |       |     1 |       ||     1
  Eat: Chunk             |     2 |     6 |    17 |     9 ||    34
       Ration            |       |       |     1 |     1 ||     2
Armor: Animal skin       |     9 |     8 |       |       ||    17
       Skin              |       |    76 |       |       ||    76
       Chain mail        |       |     2 |   100 |   139 ||   241
       Leather armour    |       |       |       |     4 ||     4
Dodge: Dodged            |    52 |    66 |   113 |   134 ||   365
       Rpst.: Falchion   |    14 |     2 |    35 |     4 ||    55
       Long sword        |       |       |       |     4 ||     4

Table legend:
 A = Non-vault XP
 B = Vault XP
 C = Vault XP percentage of total XP
 D = Non-vault monster count
 E = Vault monster count
 F = Vault count percentage of total count
                 A         B        C        D         E       F
            +---------+---------+-------+---------+---------+-------
      Total |    4471 |    6909 |  60.7 |     169 |      17 |   9.1
            +---------+---------+-------+---------+---------+-------
        D:1 |      38 |       0 |   0.0 |      19 |       0 |   0.0
        D:2 |      54 |       0 |   0.0 |      18 |       0 |   0.0
        D:3 |     205 |      36 |  14.9 |      17 |       1 |   5.6
        D:4 |     308 |      99 |  24.3 |      17 |       1 |   5.6
        D:5 |     262 |       0 |   0.0 |      14 |       0 |   0.0
        D:6 |     842 |     453 |  35.0 |      17 |       2 |  10.5
        D:7 |     206 |       0 |   0.0 |       4 |       0 |   0.0
        D:8 |     407 |    4121 |  91.0 |      15 |       5 |  25.0
        D:9 |     721 |    2200 |  75.3 |      19 |       8 |  29.6
       D:10 |    1304 |       0 |   0.0 |      26 |       0 |   0.0
       D:11 |     124 |       0 |   0.0 |       3 |       0 |   0.0
            +---------+---------+-------+---------+---------+-------
